 Dungeon Crawl Stone Soup version 0.29.1-2-gbd0b4ee654 (webtiles) character file.

Game seed: 12435814086521377148

23 Caphalor the Sneak (level 2, 11/11 HPs)
             Began as a Spriggan Enchanter on Nov 13, 2022.
             Was a Follower of Hepliaklqana.
             Quit the game on level 1 of the Dungeon.
             The game lasted 00:03:37 (255 turns).

Caphalor the Sneak (Spriggan Enchanter)              Turns: 255, Time: 00:03:38

Health: 11/11      AC:  2    Str:  4    XL:     2   Next: 72%
Magic:  6/6        EV: 17    Int: 16    God:    Hepliaklqana [*.....]
Gold:   40         SH:  0    Dex: 15    Spells: 6/6 levels left

rFire   . . .      SeeInvis +   a - +1 dagger
rCold   . . .      Faith    .   (no shield)
rNeg    . . .      Spirit   .   b - +0 robe
rPois   .          Reflect  .   (helmet restricted)
rElec   .          Harm     .   (no cloak)
rCorr   .          Rampage  .   (gloves unavailable)
Will    .....                   (boots unavailable)
Stlth   +++.......              (no amulet)
HPRegen 0.03/turn               (no ring)
MPRegen 0.10/turn               (no ring)

@: very quick
A: reduced essence, very small, no large weapons, unfitting armour, see
invisible, speed 3
a: Renounce Religion, Recall Ancestor, Ancestor Identity


You were on level 1 of the Dungeon.
You worshipped Hepliaklqana.
Hepliaklqana was aware of your devotion.
You visited 1 branch of the dungeon, and saw 1 of its levels.

You collected 40 gold pieces.

Inventory:

Hand Weapons
 a - a +1 dagger (weapon)
Armour
 b - a +0 robe (worn)
Scrolls
 d - 2 scrolls of teleportation {unknown}
Potions
 c - 2 potions of invisibility
 e - a potion of lignification {unknown}
 f - a potion of curing {unknown}


   Skills:
 + Level 2.0 Short Blades
 + Level 3.3 Dodging
 + Level 5.0 Stealth
 - Level 2.6 Spellcasting
 - Level 3.6 Hexes


You had 6 spell levels left.
You didn't know any spells.
Your spell library contained the following spells:

 Spells                   Type           Power      Damage    Failure   Level
 Confusing Touch          Hex            13%        N/A       13%         3
 Tukima's Dance           Hex            13%        N/A       13%         3
 Ensorcelled Hibernation  Hex/Ice        14%        N/A       14%         2
 Sublimation of Blood     Necr           2%         N/A       28%         2
 Dazzling Flash           Conj/Hex       14%        N/A       28%         3
 Petrify                  Tmut/Erth      2%         N/A       88%         4
 Irradiate                Conj/Tmut      1%         3d12      99%         5


Dungeon Overview and Level Annotations

Branches:
Dungeon (1/15)

Altars:
Hepliaklqana


Innate Abilities, Weirdness & Mutations

Your life essence is reduced to manifest your ancestor. (-10% HP)
You are very small and have problems with some larger weapons.
You are too small for most types of armour.
You have supernaturally acute eyesight. (SInv)
You cover ground extremely quickly. (Speed+++)


Message History

The dart slug is severely wounded.
The dart slug launches a dart at you. The slug dart misses you.
You hit the dart slug but do no damage.
The dart slug is severely wounded.
You hit the dart slug.
The dart slug is almost dead.
The dart slug briefly extends its eye-stalks.
The dart slug closely misses you.
You hit the dart slug.
You kill the dart slug!
f - a green potion HP restored.
A kobold comes into view. It is wielding a +0 short sword.
Found a faded altar of an unknown god.
The kobold shouts!
The kobold barely misses you.
You hit the kobold.
The kobold is severely wounded.
The kobold completely misses you.
You hit the kobold.
You kill the kobold!
Your Short Blades skill increases to level 2!
Things that are here:
a +0 short sword; 3 stones; a kobold corpse Welcome back, Caphalor the Spriggan Enchanter.
Press ? for a list of commands and other information.
There is a faded altar of an unknown god here.
There is a faded altar of an unknown god here.
You cannot tell which god this altar belongs to.
Convert to them anyway? [Y]es or [N]o only, please.
You cannot tell which god this altar belongs to.
Convert to them anyway?
Uppercase [Y]es or [N]o only, please.
You cannot tell which god this altar belongs to.
Convert to them anyway?
Hepliaklqana accepts your prayer! Hepliaklqana welcomes you!
Hepliaklqana forms a fragment of your life essence into the memory of your ancestor, Xiuhtonal!
You can now recall your ancestor.
You can now remember your ancestor's identity.
Are you sure you want to abandon this character and quit the game? (Confirm with "yes".)

#.#.#.# #............
#...#.#########
#.........###
#####.........#
#............
#########.#
#........#### #.....#
#............
#.....#############.#
#......## #.....#
#..#.#..#### #.#####
#...@.(....# #.#
#..#.#.###.# #.###
#..R...# # #...#
######## ###'###
#...... #).....
#...... #......
#######


You could see the friendly Xiuhtonal the ancestor.

Vanquished Creatures
  A gnoll (D:1)
  A dart slug (D:1)
  3 goblins (D:1)
  2 bats (D:1)
  3 kobolds (D:1)
  A rat (D:1)
11 creatures vanquished.

Notes
Turn   | Place    | Note
-------+----------+-------------------------------------------
     0 | D:1      | Caphalor the Spriggan Enchanter began the quest for the
                  | Orb.
     0 | D:1      | Reached XP level 1. HP: 9/9 MP: 5/5
   143 | D:1      | Reached XP level 2. HP: 11/13 MP: 6/6
   189 | D:1      | Reached skill level 5 in Stealth
   240 | D:1      | Found a faded altar of an unknown god.
   254 | D:1      | Prayed at the altar of an unknown god.
   254 | D:1      | Became a worshipper of Hepliaklqana the Forgotten
   254 | D:1      | Reached * piety under Hepliaklqana
   255 | D:1      | Quit the game

Illustrated notes

Levels and vault maps discovered:
D:1:      mrwooster_arrival_statue_3, layout_basic,
          chequers_ecumenical_altar_simple

Skill      XL: |  1  2 |
---------------+-------+-----
Dodging        | 3 |  3.3
Stealth        | 5 |  5.0
Short Blades   | 2 |  2.0
Spellcasting   | |  2.6
Hexes          | |  3.6

Action                   || total
-------------------------++-------
Melee: Dagger            ||    32
 Stab: Sleeping          ||     4
Armor: Robe              ||     2
Dodge: Dodged            ||    27
